 Dungeon Crawl Stone Soup version 0.22-a0-355-g201945f (webtiles) character file.

1530 galech the Ruffian (level 8, -11/83 HPs)
             Began as a Troll Monk on Apr 17, 2018.
             Mangled by galech's ghost (18 damage)
             ... on level 5 of the Dungeon.
             The game lasted 00:07:21 (3602 turns).

galech the Ruffian (Troll Monk)                     Turns: 3602, Time: 00:07:22

Health: -11/83     AC:  7    Str: 22    XL:     8   Next: 55%
Magic:  7/7        EV: 12    Int:  6    God:
Gold:   227        SH:  0    Dex: 12    Spells: 7/7 levels left

rFire    . . .     SeeInvis .     - Unarmed
rCold    . . .     Gourm    +   (no shield)
rNeg     + . .     Faith    .   q - +2 robe {rN+}
rPois    .         Spirit   .   (helmet restricted)
rElec    .         Reflect  .   (no cloak)
rCorr    .         Harm     .   (gloves unavailable)
MR       .....     Rnd*Tele +   (boots unavailable)
Stlth    +++.......             (no amulet)
HPRegen  0.63/turn              f - ring of stealth
MPRegen  0.10/turn              a - ring of teleportation (curse)

@: no status effects
A: large, unfitting armour, claws 3, fast metabolism 3, gourmand, regeneration
1, shaggy fur 1, tough skin 2
a: no special abilities


You were on level 5 of the Dungeon.
You were completely stuffed.

You visited 2 branches of the dungeon, and saw 7 of its levels.

You collected 227 gold pieces.

Inventory:

Armour
 q - a +2 robe of positive energy (worn)
Jewellery
 a - a cursed ring of teleportation (right claw)
 e - a +3 ring of protection {unknown}
 f - a ring of stealth (left claw)
Scrolls
 c - 2 scrolls of enchant weapon
 i - 3 scrolls of fog
 j - 3 scrolls of magic mapping
 m - 2 scrolls of teleportation
 p - 2 scrolls of remove curse {unknown}
Potions
 d - a potion of curing {unknown}
 g - 2 potions of mutation {unknown}
 k - 3 potions of brilliance {unknown}
 l - 4 potions of haste {unknown}
 n - a potion of heal wounds {unknown}
 o - 2 potions of might {unknown}
 r - a potion of flight {unknown}
 s - a potion of ambrosia {unknown}
Comestibles
 b - 13 rations
 h - 9 chunks of flesh


   Skills:
 + Level 5.7 Fighting
 + Level 5.7 Dodging
 - Level 1.0 Stealth
 + Level 6.9 Unarmed Combat


You had 7 spell levels left.
You didn't know any spells.

Dungeon Overview and Level Annotations

Branches:
Dungeon (6/15)             Temple (1/1) D:4

Altars:
Cheibriados
Dithmenos
Elyvilon
Fedhas
Gozag
Hepliaklqana
Kikubaaqudgha
Makhleb
Nemelex Xobeh
Qazlal
Trog
Uskayaw
Vehumet
Wu Jian
Xom
Yredelemnul
Zin
The Shining One

Annotations:
D:5 galech's ghost, journeyman TrMo


Innate Abilities, Weirdness & Mutations

You are too large for most types of armour.
You have claws for hands.
Your metabolism is lightning-fast.
You like to eat raw meat.
Your natural rate of healing is unusually fast.
You are covered in fur. (AC +1)
You have very tough skin. (AC +2)


Message History

You are too injured to fight recklessly!
You are too injured to fight recklessly!
You are too injured to fight recklessly!
You closely miss galech's ghost.
Galech's ghost is lightly damaged.
Galech's ghost closely misses you.
You closely miss galech's ghost.
Galech's ghost is lightly damaged.
Galech's ghost barely misses you.
You closely miss galech's ghost.
Galech's ghost is lightly damaged.
Galech's ghost hits you.
You barely miss galech's ghost.
Galech's ghost is lightly damaged.
Galech's ghost hits you!!
* * * LOW HITPOINT WARNING * * *
You completely miss galech's ghost.
Galech's ghost is lightly damaged.
Galech's ghost hits you!!
You die...

###...#
#############.....#
.......)..........#
.#######..(####...#
## ##....###
##...### ####(.####
#......# ..#(.##
#......# ......#
#(.....# #######
#..@...## #########
#..W....# .#.<....#
#......)# .#......#
#.......###
.#......#
#.........#
.#......#
###.#####.####
........# #.#
#....###
........### #.#
####...#
####..##..### #.#
###.#


You could see galech's ghost.

Vanquished Creatures
  2 phantoms (D:4)
  An ogre (D:4)
  A sky beast (D:5)
  A centaur (D:5)
  A crimson imp (D:3)
  A bullfrog zombie (D:5)
  8 orc wizards
  2 bullfrog skeletons (D:4)
  A centaur skeleton (D:4)
  5 orc priests
  2 hounds (D:5)
  An iguana (D:4)
  3 iron imps (D:3)
  A jelly (D:5)
  4 worker ants
  Jessica (D:2)
  A hound skeleton (D:4)
  A hound zombie (D:5)
  A worker ant zombie (D:5)
  8 adders
  A shadow imp (D:5)
  An adder zombie (D:5)
  An adder skeleton (D:5)
  5 worms
  A dart slug (D:1)
  4 leopard geckos
  30 orcs
  A bat zombie (D:4)
  4 giant cockroaches
  7 goblins
  5 hobgoblins
  6 jackals (D:3)
  3 quokkas
  2 ball pythons
  4 bats
  5 frilled lizards
  5 kobolds
  2 leopard gecko skeletons (D:5)
  8 rats
141 creatures vanquished.

Vanquished Creatures (others)
  A frilled lizard (D:4)
1 creature vanquished.

Grand Total: 142 creatures vanquished

Notes
Turn   | Place    | Note
-------+----------+-------------------------------------------
     0 | D:1      | galech the Troll Monk began the quest for the Orb.
     0 | D:1      | Reached XP level 1. HP: 22/22 MP: 0/0
   115 | D:1      | Reached XP level 2. HP: 27/29 MP: 1/1
   555 | D:2      | Noticed Jessica
   557 | D:2      | Killed Jessica
   557 | D:2      | Reached XP level 3. HP: 36/36 MP: 2/2
   680 | D:2      | Found an opulent altar of Gozag.
   732 | D:2      | Found a sparkling altar of Nemelex Xobeh.
   839 | D:2      | Reached XP level 4. HP: 45/45 MP: 3/3
  1095 | D:2      | Reached skill level 4 in Unarmed Combat
  1152 | D:3      | Reached XP level 5. HP: 52/53 MP: 4/4
  1502 | D:3      | Reached XP level 6. HP: 62/62 MP: 5/5
  1629 | D:3      | Found a burning altar of Makhleb.
  1643 | D:3      | Reached skill level 5 in Unarmed Combat
  1708 | D:4      | Reached XP level 7. HP: 49/70 MP: 6/6
  1827 | D:4      | Found a hide-covered altar of Uskayaw.
  1828 | D:4      | Noticed a hand axe
  1828 | D:4      | Noticed a dagger
  1979 | D:4      | Found a radiant altar of Vehumet.
  2100 | D:4      | Reached skill level 5 in Fighting
  2100 | D:4      | Reached skill level 5 in Dodging
  2100 | D:4      | Reached skill level 6 in Unarmed Combat
  2141 | D:4      | Found a stormy altar of Qazlal.
  2214 | D:4      | Reached XP level 8. HP: 62/80 MP: 7/7
  2294 | D:4      | Found a staircase to the Ecumenical Temple.
  2300 | Temple   | Entered the Ecumenical Temple
  2409 | D:4      | Found a sparkling altar of Nemelex Xobeh.
  2554 | D:4      | Found an ancient bone altar of Kikubaaqudgha.
  2695 | D:4      | Found a hazy altar of Hepliaklqana.
  2709 | D:5      | Entered Level 5 of the Dungeon
  2775 | D:5      | Noticed galech's ghost (journeyman TrMo)
  2799 | D:5      | HP: 3/80 [galech's ghost (33)]
  3292 | D:5      | Found a burning altar of Makhleb.
  3602 | D:5      | Mangled by galech's ghost

Vault maps used:
D:1:      nicolae_arrival_memento_mori
D:2:      nicolae_gozag_seed_capital, lemuel_round_altar, first_ration,
          uniq_jessica
D:3:      demons_altar
D:4:      minmay_opposing_rooms, grunt_qazlal_clouds,
          lemuel_zombie_altar_kikubaaqudgha, nicolae_overflow_crystal_walls,
          dancing_weapons_uskayaw, kennysheep_little_box,
          minmay_temple_entry_enclosed_plants, nemelex_altar_shiori
D:5:      st_stairs_6, makhleb_blood_cavern_becter
D:6:      lemuel_insect_pit, serial_shops, shop, uniq_menkaure
Temple:   cyrus_temple_forest

Skill      XL: |  1  2  3  4  5  6  7 |
---------------+----------------------+-----
Fighting       | 3 4 5 |  5.7
Dodging        | 3 4 5 |  5.7
Unarmed Combat | 4 5 6 |  6.9
Stealth        | |  1.0

Action                   |  1- 3 |  4- 6 |  7- 9 || total
-------------------------+-------+-------+-------++-------
Melee: Unarmed           |    78 |   140 |   197 ||   415
       Punch             |     1 |     4 |     5 ||    10
  Use: Scroll            |       |       |     7 ||     7
 Stab: Sleeping          |     2 |     3 |     4 ||     9
  Eat: Chunk             |    13 |     8 |    18 ||    39
Armor: Robe              |    22 |    66 |    57 ||   145
Dodge: Dodged            |    35 |   116 |   112 ||   263

Table legend:
 A = Spawn XP
 B = Non-spawn XP
 C = Spawn XP percentage of total XP
 D = Spawn monster count
 E = Non-spawn monster count
 F = Spawn count percentage of total count
 G = Total turns spent on level
                    A         B        C        D         E        F      G
               +---------+---------+-------+---------+---------+-------+---------
         Total |       0 |    2187 |   0.0 |       0 |     141 |   0.0 |  3602
               +---------+---------+-------+---------+---------+-------+---------
           D:1 |       0 |      28 |   0.0 |       0 |      18 |   0.0 |   424
           D:2 |       0 |     139 |   0.0 |       0 |      17 |   0.0 |   670
           D:3 |       0 |     466 |   0.0 |       0 |      45 |   0.0 |   657
           D:4 |       0 |     899 |   0.0 |       0 |      35 |   0.0 |  1095
           D:5 |       0 |     655 |   0.0 |       0 |      26 |   0.0 |   655
               +---------+---------+-------+---------+---------+-------+---------
